AoeStats
← 4k1m

Nomad

509903406Analyzed
4v4 RM · 4d ago on Sep 28, 2026· 37m 55s· 8 players
Game mode
Random Map
Map size
231×231
Population
200
Speed
Normal
Resources
Standard
Victory
Conquest
Starting age
Dark Age
Ending age
Imperial Age
RankedLock teamsTeams togetherTeam positionsShared explorationLock speedFull tech treeHidden civsTurbo modeCheats
Victory
Defeat
🇩🇪 Vietnamese · Germany
1518
+12
🇩🇪 Chinese · Germany
1469
+14
🇩🇪 Ethiopians · Germany
1449
+15
🇩🇪 Hindustanis · Germany
1441
+15
🇹🇼 Vikings · Taiwan
1530
-17
🇨🇳 Magyars · China
1419
-14
🇺🇸 Mongols · United States
1411
-13
🇹🇼 Jurchens · Taiwan
1367
-12
(3A) Lü Bu king
11:46 Loom
15:01 Feudal Age
15:35 Double-Bit Axe
18:47 Castle Age
17:43 Fletching
20:19 Bow Saw
21:32 Horse Collar
24:13 Bodkin Arrow
26:35 Stone Mining
29:43 Scale Mail Armor
29:53 Forging
29:41 Gold Mining
32:44 Treadmill Crane
33:20 Chain Mail Armor
33:41 Iron Casting
35:42 Imperial Age
34:04 Chain Mail Armor
34:12 Squires
33:57 Arson
34:58 Heavy Plow
35:58 Iron Casting
35:52 Chieftains
36:56 Conscription
36:58 Conscription
37:10 Plate Mail Armor
37:35 Elite Varangian Guard
3A King Arthur
13:42 Feudal Age
18:03 Castle Age
16:10 Double-Bit Axe
16:08 Horse Collar
18:23 Wheelbarrow
19:21 Bow Saw
21:23 Hand Cart
21:48 Heavy Plow
24:45 Forging
24:57 Husbandry
31:10 Iron Casting
40:09 Imperial Age
37:52 Bloodlines
逸丶然
5:25 Loom
13:33 Feudal Age
14:02 Town Watch
18:41 Castle Age
17:07 Double-Bit Axe
17:44 Bloodlines
18:15 Scale Barding Armor
20:03 Bow Saw
20:25 Gold Mining
22:43 Husbandry
23:48 Chain Barding Armor
33:05 Fletching
34:00 Wheelbarrow
34:27 Bodkin Arrow
36:54 Ballistics
BigAl
12:47 Feudal Age
13:46 Fishing Lines
14:23 Loom
15:25 Double-Bit Axe
21:07 Castle Age
20:48 Fletching
22:38 Bodkin Arrow
25:29 Padded Archer Armor
25:58 Medium Warships
25:42 Gillnets
26:27 Horse Collar
28:40 Stone Mining
31:12 Nomads
32:07 Wheelbarrow
31:17 Town Watch
34:14 Leather Archer Armor
36:16 Ballistics
4k1m
5:51 Loom
13:45 Feudal Age
17:31 Castle Age
19:40 Scale Mail Armor
25:27 Squires
25:12 Arson
31:22 Double-Bit Axe
33:09 Fletching
37:56 Fishing Lines
orangefaser
5:25 Loom
13:17 Feudal Age
16:14 Fletching
19:19 Castle Age
17:16 Double-Bit Axe
18:29 Gold Mining
20:55 Bodkin Arrow
22:58 Wheelbarrow
24:23 Medium Warships
25:14 Horse Collar
28:23 Heavy Plow
33:08 Imperial Age
30:19 Crossbowman
31:36 Bow Saw
31:55 Padded Archer Armor
32:18 Ballistics
33:26 Thumb Ring
33:16 Arbalester
34:11 Bracer
34:27 Leather Archer Armor
37:06 Hand Cart
37:40 Ring Archer Armor
38:21 Chemistry
Vicky R
5:00 Loom
13:08 Feudal Age
14:51 Double-Bit Axe
17:18 Castle Age
15:25 Fishing Lines
16:18 Fletching
16:47 Gold Mining
17:58 Bodkin Arrow
18:24 Medium Warships
18:33 Bow Saw
21:37 Gillnets
24:04 Wheelbarrow
24:37 Horse Collar
26:13 Scale Mail Armor
27:17 Forging
27:17 Squires
28:15 Chain Mail Armor
28:31 Heavy Plow
30:07 Stone Mining
36:37 Imperial Age
34:27 Ballistics
34:13 Town Watch
35:15 Iron Casting
34:03 Elite Skirmisher
35:39 Thumb Ring
36:25 Padded Archer Armor
37:51 Plate Mail Armor
37:21 Bracer
39:13 Two-Man Saw
MyNameIsLassen
3:03 Loom
12:24 Feudal Age
13:11 Feudal Age
13:59 Double-Bit Axe
17:41 Castle Age
16:38 Gold Mining
17:06 Forging
18:36 Medium Warships
19:47 Bow Saw
19:26 Fishing Lines
20:50 Town Watch
21:24 Gillnets
23:37 Fletching
24:39 Bodkin Arrow
26:28 Scale Mail Armor
27:30 Iron Casting
27:59 Chain Mail Armor
30:16 Squires
35:44 Wheelbarrow
35:58 Pikeman
Connection lost

Rejoining the realm…

Still unreachable

The connection could not be restored.

Session expired

The server has moved on; the page needs a fresh start.